← All builds
Suicide front / Armada / Factory first / OBSERVED BUILD

Standard suicide front

Armada Suicide front build order · Supreme Isthmus

The role's baseline: Bot Lab at 0:21 then straight into reclaim-fed T1 bot production to contest the middle and hold until T2 arrives, with an Advanced Metal Extractor around 9:45.

#rush · 2021 distinct matches · 231 players · 72% of Armada Suicide front games · team won 59% of 2397 · Recently observed

HOW TO PLAY IT

Key timing: Bot Lab by 0:20

  1. Open with mex and lab-first to get Bot Lab up by 0:20.
  2. Expand mex and wind while lab pumps units toward middle.
  3. Push Sentry and early Rocketeer, Centurion to contest middle.
  4. Get T2 constructor out once Pond's boost lets you spare metal.
  5. Upgrade mex to Advanced Metal Extractor as you transition off T1 spam.

Phase by phase

TYPICAL OF ITS 2021 GAMES
  1. 1
  2. 2
  3. 3
PLAY THE OPENING

Follow the example game's first 6:00 step by step: what to build now, what comes next, and where it goes. At 1× it keeps pace with your own game.

  1. 1

    Bot Lab first

    Order
    1. Bot LabBot Lab done ~0:21, middle half 0:20–0:33

    Some games also: mex (44%)

  2. 2

    Bot Lab to 5:00

    Economy
    • Metal Extractor5Mex
    • Wind Turbine4Wind
    Builders
    • Construction Bot3 Con bot
    • Lazarus2 Lazarus
    Army
    • Sentry4 Sentry
    • Rocketeer16 Rocketeer
    • Tick2 Tick
    • Centurion1 Centurion
    Other
    • Radar Tower1 Radar Tower

    Some games also: pawn (38%) · con turret (34%)

    By 5:00 in all: 5 mex · 4 wind

    The example game in this phase · 27 steps
    1. LazarusLazarus
    2. Mex
    3. SentrySentry
    4. Construction BotCon bot ×2
    5. TickTick
    6. Con turret
    7. LazarusLazarus
    8. CenturionCenturion
    9. Mex
    10. RocketeerRocketeer ×5
    11. LazarusLazarus
    12. Mex
    13. CenturionCenturion
    14. BeamerBeamer
    15. RocketeerRocketeer
    16. BeamerBeamer
    17. RocketeerRocketeer ×3
    18. BeamerBeamer
    19. RocketeerRocketeer
    20. BeamerBeamer
    21. RocketeerRocketeer ×2
    22. Construction BotCon bot
    23. RocketeerRocketeer ×4
    24. LazarusLazarus
    25. GauntletGauntletdone 6:12
    26. CenturionCenturion
    27. Wind
  3. 3

    5:00 to 10:00

    Economy
    • Metal Extractor1Mex
    • Wind Turbine15Wind
    Builders
    • Construction Turret2 Con turret
    • Lazarus2 Lazarus
    • Construction Bot1 Con bot
    Army
    • Sentry1 Sentry
    • Rocketeer8 Rocketeer

    Some games also: pawn (49%) · Radar Tower (46%) · tick (45%) · centurion (44%) · energy storage (43%) · eat Bot Lab (31%)

    By 10:00 in all: 6 mex · 21 wind · 1 energy storage · 2 con turret

    The example game in this phase · 192 steps
    1. Wind ×3
    2. RocketeerRocketeer
    3. Wind
    4. RocketeerRocketeer
    5. Wind
    6. RocketeerRocketeer
    7. Wind
    8. RocketeerRocketeer
    9. Sneaky PeteSneaky Pete
    10. Wind
    11. RocketeerRocketeer
    12. Wind
    13. LazarusLazarus
    14. RocketeerRocketeer
    15. Wind
    16. RocketeerRocketeer
    17. Wind
    18. Mex
    19. RocketeerRocketeer
    20. Wind
    21. RocketeerRocketeer
    22. Wind
    23. RocketeerRocketeer
    24. Radar TowerRadar Tower
    25. Wind
    26. RocketeerRocketeer
    27. Wind
    28. LazarusLazarus
    29. Wind
    30. CenturionCenturion
    31. Wind
    32. Mex
    33. Construction BotCon bot
    34. Wind
    35. Advanced Metal ExtractorT2 mexdone 9:58 · typical 9:46
    36. Construction BotCon bot
    37. Wind
    38. Construction BotCon bot
    39. Dragon's TeethDragon's Teeth ×7
    40. Wind
    41. Dragon's TeethDragon's Teeth ×3
    42. Construction BotCon bot
    43. Dragon's TeethDragon's Teeth ×5
    44. Construction BotCon bot
    45. Wind
    46. Advanced Metal ExtractorT2 mex
    47. Construction BotCon bot
    48. Wind
    49. Construction BotCon bot
    50. Wind
    51. TickTick
    52. Wind ×2
    53. TickTick
    54. Wind
    55. Advanced Metal ExtractorT2 mex
    56. TickTick ×4
    57. Wind ×3
    58. Con turret
    59. TickTick
    60. Wind ×2
    61. TickTick ×2
    62. Wind
    63. TickTick
    64. Con turret
    65. TickTick
    66. Advanced Metal ExtractorT2 mex
    67. Wind ×2
    68. TickTick
    69. Con turret
    70. TickTick
    71. Con turret
    72. Wind
    73. TickTick
    74. Wind
    75. TickTick
    76. Con turret
    77. Wind
    78. TickTick
    79. Wind ×2
    80. TickTick ×3
    81. Vehicle PlantVehicle Plantdone 12:54
    82. Wind
    83. TickTick
    84. Wind
    85. TickTick
    86. BlitzBlitz
    87. TickTick
    88. Wind
    89. BlitzBlitz
    90. TickTick
    91. BlitzBlitz
    92. TickTick
    93. Wind
    94. TickTick
    95. BlitzBlitz
    96. TickTick
    97. Wind
    98. BlitzBlitz
    99. TickTick
    100. BlitzBlitz
    101. TickTick
    102. BlitzBlitz
    103. TickTick
    104. BlitzBlitz
    105. TickTick
    106. Wind
    107. BlitzBlitz
    108. TickTick
    109. BlitzBlitz
    110. TickTick
    111. BlitzBlitz
    112. TickTick
    113. Wind
    114. BlitzBlitz
    115. TickTick
    116. Advanced Metal ExtractorT2 mexfor Front
    117. BlitzBlitz
    118. TickTick ×2
    119. BlitzBlitz
    120. TickTick
    121. Wind
    122. BlitzBlitz
    123. TickTick
    124. BlitzBlitz
    125. TickTick
    126. BlitzBlitz
    127. TickTick
    128. BlitzBlitz
    129. TickTick
    130. BlitzBlitz
    131. Wind
    132. TickTick
    133. BlitzBlitz
    134. TickTick
    135. BlitzBlitz
    136. TickTick
    137. BlitzBlitz
    138. TickTick
    139. BlitzBlitz
    140. TickTick
    141. Wind
    142. BlitzBlitz
    143. TickTick
    144. BlitzBlitz
    145. TickTick
    146. BlitzBlitz
    147. TickTick
    148. BlitzBlitz
    149. TickTick
    150. Wind
    151. BlitzBlitz
    152. TickTick
    153. BlitzBlitz
    154. TickTick
    155. BlitzBlitz
    156. TickTick
    157. BlitzBlitz
    158. TickTick
    159. Wind
    160. BlitzBlitz
    161. TickTick
    162. BlitzBlitz
    163. TickTick
    164. BlitzBlitz
    165. TickTick
    166. BlitzBlitz
    167. TickTick
    168. Wind
    169. BlitzBlitz
    170. TickTick
    171. BlitzBlitz
    172. TickTick
    173. BlitzBlitz
    174. TickTick
    175. BlitzBlitz
    176. TickTick
    177. Wind
    178. BlitzBlitz
    179. TickTick
    180. BlitzBlitz
    181. TickTick
    182. BlitzBlitz
    183. TickTick
    184. BlitzBlitz
    185. TickTick
    186. BlitzBlitz
    187. Wind
    188. TickTick
    189. BlitzBlitz
    190. TickTick
    191. BlitzBlitz
    192. TickTick

Counts are medians over the build's games: half of them build more, half fewer. The example game is heihallo's (31 OS, 07/10/2026); pick another.

Team trades

IN AT LEAST 30% OF ITS GAMES

You hand over

Nothing regular.

You get

  • Tidal Generator4 Tidal from Pondfirst at 0:10 · in 68% of games
  • Advanced Construction Bot1 T2 con bot from Geo or Techfirst at 7:41 · in 57% of games

How it plays out

Typical game of this build, running totals by minute

Metal produced

010k20k
0:005:0010:0015:00

metal

Enemy metal destroyed

05k10k
0:005:0010:0015:00

metal

Own metal lost

05k10k
0:005:0010:0015:00

metal

2397 games.

Show as table
ByMetal produced: This buildEnemy metal destroyed: This buildOwn metal lost: This build
1:0023000
2:0088700
3:002008184130
4:003109645502
5:00418413531000
6:00534721811707
7:00653930502590
8:00776039343500
9:00904646874371
10:001041853095153
11:001189458575965
12:001360364066685
13:001540768767439
14:001729875058212
15:001926981098997
WHAT THE NUMBERS SAY

Standard Suicide front play wins a bit over half its games while taking the heaviest own losses of any role by 15:00.

  • + Produces 20142 metal by 15:00, highest of the front roles.
  • + First kill by 2:01 in all games, fastest contest of middle.
  • − Own metal lost hits 9178 by 15:00, more than enemy metal destroyed.
  • − Only 34% Rocketeer share shows army spread thin across many bot types.
THE EXAMPLE YOU ARE READING

heihallo

30.7 OS · 07/10/2026

Open source match ↗

5 received units · includes a constructor
3587 metal received · 14134 energy received

Allied construction assistance is unknown. Timings are observations, not a promise of solo reproducibility.

Typical milestones

Bot Lab0:21Middle 50%: 0:20–0:33 · n=2389
Advanced Metal Extractor9:46Middle 50%: 8:50–10:58 · n=1734

Played most by

_X_263games of this buildPlatinumBlonde188games of this buildXad166games of this buildTrapCaT107games of this buildSoliloqueur81games of this build